 Dungeon Crawl Stone Soup version 0.31-a0-221-gbddc013574 (webtiles) character file.

Game seed: 16417131302762685388

1906 Maxmaps the Spear-Bearer (level 8, 0/76 HPs)
             Began as a Demonspawn Gladiator on July 5, 2023.
             Slain by a gnoll
             ... wielding a +0 whip
             ... led by a gnoll bouda
              (4 damage)
             ... on level 6 of the Dungeon.
             The game lasted 00:07:01 (5871 turns).

Maxmaps the Spear-Bearer (Demonspawn Gladiator)     Turns: 5871, Time: 00:07:02

Health: 0/76       AC: 24    Str: 15      XL:     8   Next: 94%
Magic:  8/8        EV:  2    Int: 12 (13) God:
Gold:   220        SH:  0    Dex: 15      Spells: 7/7 levels left

rFire   . . .        a - +0 trident
rCold   . . .        (no shield)
rNeg    . . .        g - melded +0 scale mail
rPois   +            c - melded +0 helmet
rElec   .            f - melded +0 cloak
rCorr   .            p - melded +0 pair of gloves
SInv    .            (boots currently unavailable)
Will    .....        (no amulet)
Stlth   +            (no ring)
HPRegen 0.32/turn    (no ring)
MPRegen 0.22/turn

%: no passive effects
@: tree-form (expiring), studying Maces & Flails
A: stationary, stasis, torment immunity, boosted hp, foul stench 1, magic
regeneration, big brain 1, (weakness stinger 1), (hooves 1), frail 1, mutation
resistance 1
a: no special abilities


You were on level 6 of the Dungeon.
You were a tree.
You visited 2 branches of the dungeon, and saw 7 of its levels.

You collected 220 gold pieces.

Inventory:

Hand Weapons
 a - a +0 trident (weapon)
Missiles
 d - 3 throwing nets (quivered)
 e - a javelin
Armour
 c - a +0 helmet (melded)
 f - a +0 cloak (melded)
 g - a +0 scale mail (melded)
 p - a +0 pair of gloves (melded)
Wands
 b - a wand of flame (31)
 n - a wand of iceblast (14)
 r - a wand of quicksilver (10)
Scrolls
 k - 2 scrolls of vulnerability {unknown}
 l - 2 scrolls of fog {unknown}
 m - a scroll of immolation {unknown}
 o - 2 scrolls of acquirement {unknown}
 q - a scroll of teleportation {unknown}
 s - 5 scrolls of identify
 t - 3 scrolls of enchant weapon {unknown}
 u - a scroll of revelation {unknown}
 v - a scroll of torment {unknown}
Potions
 i - a potion of brilliance


   Skills:
 - Level 2.8 Fighting
 + Level 10.9 Polearms
 - Level 1.7 Throwing
 - Level 2.6 Dodging


You had 7 spell levels left.
You didn't know any spells.
Your spell library contained the following spells:

 Spells                   Type           Power      Damage    Failure   Level
 Magic Dart               Conj           0%         1d3       32%         1
 Searing Ray              Conj           0%         2d4       45%         2
 Fulminant Prism          Conj/Hex       0%         3d5       97%         4


Dungeon Overview and Level Annotations

Branches:
Dungeon (6/15)             Temple (1/1) D:4

Altars:
Ashenzari
Cheibriados
Fedhas
Nemelex Xobeh
Qazlal
Ru
Sif Muna
Trog
Uskayaw
Vehumet
Xom

Shops:
D:2 (


Innate Abilities, Weirdness & Mutations

You are a tree.
Your roots penetrate the ground, keeping you stationary.
You cannot be teleported.
You are immune to unholy pain and torment.
Your maximum health is greatly increased.
Your equipment is partially melded.
You may rarely emit foul miasma when damaged in melee.
You regenerate magic rapidly.
You have an unusually large brain. (Int +2)
((You have a small tail.))
((You have large cloven feet.))
You are frail. (-10% HP)
You are somewhat resistant to further mutation.


Message History

Reach: a) +0 trident
Press: ? - help, Dir - move target, f/p - gnoll bouda
Aim: a gnoll bouda, wielding a +0 whip and wearing a +0 scale mail (almost dead, about 29% to evade your +0 trident)
You barely miss the gnoll bouda.
The gnoll bouda is almost dead.
The gnoll bouda hits you with a +0 whip.
* * * LOW HITPOINT WARNING * * *
The gnoll completely misses you.
Reach: a) +0 trident
Press: ? - help, Dir - move target, f/p - gnoll bouda
Aim: a gnoll bouda, wielding a +0 whip and wearing a +0 scale mail (almost dead, about 29% to evade your +0 trident)
You hit the gnoll bouda.
You kill the gnoll bouda!
The gnoll hits you but does no damage.
Reach: a) +0 trident
Press: ? - help, Dir - move target, f - kobold
Aim: a kobold, quivering boomerangs of dispersal (about 42% to evade your +0 trident)
You barely miss the kobold.
The gnoll hits you but does no damage. x2
The kobold barely misses you.
Reach: a) +0 trident
Press: ? - help, Dir - move target, f/p - kobold
Aim: a kobold, quivering boomerangs of dispersal (about 42% to evade your +0 trident)
You hit the kobold but do no damage. The gnoll hits you but does no damage.
The gnoll barely misses you.
Reach: a) +0 trident
Press: ? - help, Dir - move target, f/p - kobold
Aim: a kobold, quivering boomerangs of dispersal (about 42% to evade your +0 trident)
You hit the kobold.
You kill the kobold!
The gnoll hits you from afar with a +0 spear.
* * * LOW HITPOINT WARNING * * *
Reach: a) +0 trident
Press: ? - help, Dir - move target, f - gnoll
Aim: a gnoll, wielding a +0 whip and wearing a +0 robe (lightly wounded, covering ground quickly, about 32% to evade your +0 trident)
You closely miss the gnoll.
The gnoll is lightly wounded.
The gnoll hits you from afar with a +0 halberd.
* * * LOW HITPOINT WARNING * * *
The gnoll hits you with a +0 whip.
You die...

##############....# ###.###
'# #...# #.#
#.######.######## ######.#
#............ ######
#......###............ .....#
#.......##............
####.###......g##............
.....#.......K.g♣............
##.#>........Kg##............
##.###.#.......###....#######
#.# #.#.#'#######....#######
#.# #.#.#............'......
#.. ..#.##....####...#######
### ###.# .... #...# #.# ....
#...# .# #...#


You could see 3 gnolls and 2 kobolds.

Vanquished Creatures
  Pikel (D:6)
  Grinder (D:5)
  Edmund (D:5)
  A sky beast (D:4)
  An ogre (D:5)
  A centaur (D:6)
  2 phantoms
  A kobold brigand (D:6)
  2 scorpions
  A howler monkey (D:6)
  A hound (D:6)
  A gnoll bouda (D:6)
  2 orc priests (D:3)
  2 iguanas (D:5)
  Jessica (D:3)
  3 sleepcaps
  An orc wizard (D:3)
  Ijyb (D:3)
  5 adders
  A shadow imp (D:5)
  2 ufetubi
  2 worms
  4 dart slugs
  13 orcs
  6 ball pythons
  9 endoplasms
  3 giant cockroaches
  8 goblins
  8 hobgoblins
  5 jackals
  13 kobolds
  6 quokkas
  4 bats
  3 frilled lizards (D:2)
  11 rats
127 creatures vanquished.

Notes
Turn   | Place    | Note
-------+----------+-------------------------------------------
     0 | D:1      | Maxmaps the Demonspawn Gladiator began the quest for the
                  | Orb.
     0 | D:1      | Reached XP level 1. HP: 16/16 MP: 1/1
    91 | D:1      | Reached skill level 3 in Polearms
   175 | D:1      | Gained mutation: You may rarely emit foul miasma when
                  | damaged in melee. [demonic ancestry]
   175 | D:1      | Reached XP level 2. HP: 22/22 MP: 2/2
   475 | D:1      | Reached XP level 3. HP: 27/27 MP: 3/3
   538 | D:1      | Reached skill level 4 in Polearms
   831 | D:2      | Found Niklubum's Weapon Emporium.
  1498 | D:2      | Reached XP level 4. HP: 33/33 MP: 4/4
  1741 | D:3      | Noticed Jessica
  1743 | D:3      | Killed Jessica
  1858 | D:3      | Reached skill level 5 in Polearms
  1926 | D:3      | Gained mutation: You have a small tail. [demonic ancestry]
  1926 | D:3      | Reached XP level 5. HP: 23/38 MP: 5/5
  2204 | D:3      | Noticed Ijyb
  2215 | D:3      | Killed Ijyb
  2340 | D:3      | Reached skill level 6 in Polearms
  2863 | D:4      | Reached XP level 6. HP: 44/44 MP: 6/6
  2913 | D:4      | Found a staircase to the Ecumenical Temple.
  2989 | Temple   | Entered the Ecumenical Temple
  3289 | D:4      | Found a snail-covered altar of Cheibriados.
  3698 | D:5      | Entered Level 5 of the Dungeon
  3698 | D:5      | Noticed a sky beast
  3698 | D:5      | Found a stormy altar of Qazlal.
  3714 | D:4      | Killed a sky beast
  3861 | D:5      | Reached skill level 7 in Polearms
  3930 | D:5      | Gained mutation: You regenerate magic rapidly. [demonic
                  | ancestry]
  3930 | D:5      | Reached XP level 7. HP: 48/50 MP: 7/7
  4262 | D:5      | Noticed Grinder
  4278 | D:5      | Paralysed by Grinder for 4 turns
  4299 | D:5      | Killed Grinder
  4300 | D:5      | Reached skill level 8 in Polearms
  4421 | D:5      | Gained mutation: You are frail. (-10% HP) [potion of
                  | mutation]
  4421 | D:5      | Gained mutation: You have large cloven feet. [potion of
                  | mutation]
  4421 | D:5      | Gained mutation: You are somewhat resistant to further
                  | mutation. [potion of mutation]
  4717 | D:5      | Noticed Edmund
  4734 | D:5      | Killed Edmund
  4735 | D:5      | Reached skill level 9 in Polearms
  4735 | D:5      | Gained mutation: You have an unusually large brain. (Int
                  | +2) [demonic ancestry]
  4735 | D:5      | Reached XP level 8. HP: 17/50 MP: 8/8
  5474 | D:6      | Noticed Pikel
  5494 | D:6      | Killed Pikel
  5495 | D:6      | Reached skill level 10 in Polearms
  5871 | D:6      | Slain by a gnoll

Illustrated notes

Levels and vault maps discovered:
D:1:      evilmike_arrival_rings, layout_loops_ring
D:2:      layout_loops_ring, serial_shops, shop, serial_bayou_ford_a,
          chequers_mini_garden, kennysheep_path_1, reono_crystal_passage,
          chequers_big_river
D:3:      cheibrodos_pilgrimage, layout_basic, chequers_serial_rivers_micro_e,
          uniq_ijyb, uniq_jessica
D:4:      layout_gridville, mainiacjoe_overflow_divided_tiny,
          minmay_temple_entry_sparse_star
D:5:      layout_gridville, nicolae_qazlal_beasts_of_the_sky, nicolae_titane,
          uniq_grinder, uniq_edmund
D:6:      layout_basic, grunt_dithmenos_smoke, minmay_unpleasant_kobolds,
          uniq_pikel
Temple:   compressed_dpeg_circular_temple

Skill      XL: |  1  2  3  4  5  6  7  8 |
---------------+-------------------------+-----
Polearms       | 3 4 5 6 7 9 10 | 10.9
Fighting       | |  2.8
Throwing       | |  1.7
Dodging        | |  2.6

Action                     |  1- 3 |  4- 6 |  7- 9 || total
---------------------------+-------+-------+-------++-------
  Melee: Trident           |   167 |   166 |   221 ||   554
         Tailslap          |       |    10 |    21 ||    31
         Kick              |       |       |    40 ||    40
         Punch             |       |       |     4 ||     4
    Use: Scroll            |       |     3 |       ||     3
         Potion            |       |       |    10 ||    10
 Armour: Leather armour    |    26 |       |       ||    26
         Scale mail        |    34 |    63 |   115 ||   212
         Skin              |       |       |    16 ||    16
  Dodge: Dodged            |    69 |    84 |   140 ||   293

Table legend: (Time is in decaauts)
 A = Elapsed time spent in this place.
 B = Non-inter-level travel time spent in this place.
 C = Inter-level travel time spent in this place.
 D = Time resting spent in this place.
 E = Time spent auto-exploring this place.
 F = Levels seen in this place.
 G = Mean time per level.
                   A        B        C        D        E       F      G
               +--------+--------+--------+--------+--------+-----+--------+
         Total |   5894 |   5617 |    277 |   1057 |   3488 |   7 |  842.0 |
       Dungeon |   5786 |   5520 |    266 |   1057 |   3422 |   6 |  964.3 |
        Temple |    107 |     97 |     10 |      0 |     66 |   1 |  107.0 |
               +--------+--------+--------+--------+--------+-----+--------+

Top non-repeatable levels by time:
     D:5: 1315 daAuts
     D:3: 1019 daAuts
     D:2: 942 daAuts
     D:4: 939 daAuts
     D:1: 843 daAuts
     D:6: 726 daAuts
  Temple: 107 daAuts
